 Dungeon Crawl Stone Soup version 0.30.0-10-gfe55d96785 (webtiles) character file.

Game seed: 11958668057851200558

8340 browni3141 the Nimble (level 11, -11/79 HPs)
             Began as a Djinni Fighter on May 16, 2023.
             Was a Priest of Qazlal.
             Mangled by a komodo dragon (27 damage)
             ... on level 10 of the Dungeon.
             The game lasted 00:19:07 (12090 turns).

browni3141 the Nimble (Djinni Fighter)             Turns: 12090, Time: 00:19:07

Health: -11/79     AC:  8    Str: 17    XL:     11   Next: 54%
Gold:   598        EV: 16    Int: 11    God:    Qazlal [***...] SH: 14 Dex: 16

rFire   + . .        D - +5 short sword of Wonderful Innocence {vamp, Drain rElec rCorr Str+2}
rCold   . . .        x - +0 kite shield
rNeg    . . .        m - +3 leather armour {Will+}
rPois   ∞            (no helmet)
rElec   +            L - +0 cloak
rCorr   +            E - +0 pair of gloves
SInv    +            (boots unavailable)
Will    ++...        y - amulet of regeneration
Stlth   +            N - ring of ice
HPRegen 1.13/turn    j - ring of see invisible
MPRegen 0.00/turn

%: infuse magic (-12 HP)
@: flying
A: sickness immunity, fire resistance 2, cold vulnerability 1, float, innate
caster, HP casting, extra vitality 1
a: Renounce Religion, Upheaval, Elemental Force


You were on level 10 of the Dungeon.
You worshipped Qazlal.
Qazlal was most pleased with you.
You visited 2 branches of the dungeon, and saw 11 of its levels.

You collected 598 gold pieces.

Inventory:

Hand Weapons
 f - a +2 scimitar
 D - the +5 short sword of Wonderful Innocence (weapon) {vamp, Drain rElec rCorr Str+2}
   (You found it on level 4 of the Dungeon)

   Str:       It affects your strength (+2).
   rElec:     It insulates you from electricity.
   rCorr:     It protects you from acid and corrosion.
   Drain:     It drains your maximum health when unequipped.
Missiles
 z - a curare-tipped dart
 J - 4 poisoned darts
 T - 3 boomerangs (quivered)
 Z - 2 throwing nets
Armour
 b - a +0 scale mail
 c - a +0 buckler
 h - the +2 pair of gloves "Didukhuq" {rCorr Str+6 Int-3 Dex-2}
   (You found it on level 8 of the Dungeon)

   Str:       It affects your strength (+6).
   Int:       It affects your intelligence (-3).
   Dex:       It affects your dexterity (-2).
   rCorr:     It protects you from acid and corrosion.
 i - an orb of guile
 m - a +3 leather armour of willpower (worn)
 w - a +3 ring mail
 x - a +0 kite shield (worn)
 E - a +0 pair of gloves (worn)
 L - a +0 cloak (worn)
Magical Staves
 B - a staff of air
 U - a staff of poison
Jewellery
 e - the amulet of Fepsad {Spirit Int+5}
   (You found it on level 9 of the Dungeon)

   [amulet of guardian spirit]

   It causes incoming damage to be divided between your reserves of health and
   magic.
   Int:       It affects your intelligence (+5).
 j - a ring of see invisible (right hand)
 v - an amulet of reflection
 y - an amulet of regeneration (around neck)
 N - a ring of ice (left hand)
Wands
 k - a wand of quicksilver (12)
 C - a wand of mindburst (12)
Scrolls
 o - 2 scrolls of magic mapping
 r - 3 scrolls of identify
 t - 2 scrolls of noise
 u - a scroll of immolation
 A - a scroll of brand weapon {unknown}
 F - 2 scrolls of fog
 K - 3 scrolls of enchant armour
 R - a scroll of vulnerability
 S - a scroll of blinking
 V - 3 scrolls of enchant weapon
 W - a scroll of poison
 X - 4 scrolls of teleportation
Potions
 l - 2 potions of mutation {unknown}
 p - 2 potions of invisibility {unknown}
 q - a potion of berserk rage {unknown}
 s - a potion of resistance
 G - 3 potions of flight {unknown}
 H - 7 potions of heal wounds
 I - 3 potions of degeneration {unknown}
 M - 2 potions of might
 O - a potion of ambrosia {unknown}
 P - 5 potions of lignification {unknown}
 Q - 6 potions of curing {unknown}
 Y - 3 potions of brilliance {unknown}


   Skills:
 + Level 7.5 Fighting
 * Level 9.1 Long Blades
 - Level 3.0 Armour
 * Level 10.5 Dodging
 * Level 7.2 Shields
 * Level 4.4 Invocations


You knew the following spells:

 Your Spells              Type           Power      Damage    Failure   Level
a - Beastly Appendage     Tmut           0%         N/A       69%         1
b - Vhi's Electric Charg  Tloc/Air       0%         N/A       96%         3
c - Silence               Hex/Air        0%         N/A       100%        5
g - Summon Guardian Gole  Hex/Summ       0%         N/A       96%         3
B - Blink                 Tloc           0%         N/A       83%         2
Your spell library was empty.

Dungeon Overview and Level Annotations

Branches:
Dungeon (10/15)            Temple (1/1) D:5
   Lair: D:8-11         Orc: D:9-12

Altars:
Ashenzari
Dithmenos
Fedhas
Gozag
Hepliaklqana
Makhleb
Okawaru
Qazlal
Uskayaw
Zin
The Shining One


Innate Abilities, Weirdness & Mutations

You are immune to sickness and miasma.
You are immune to poison.
Your flesh is very heat resistant. (rF++)
You are vulnerable to cold. (rC-)
You float through the air rather than walking.
You learn spells naturally, not from books.
Your magical power is your life essence.
You have superior vitality. (+4 MHP)


Message History

You block the water moccasin's attack.
You closely miss the water moccasin.
The water moccasin is moderately wounded.
You block the water moccasin's attack.
You hit the water moccasin.
You feel better.
The water moccasin is heavily wounded.
The water moccasin barely misses you.
The wyvern hisses menacingly.
You hit the water moccasin but do no damage.
The water moccasin is heavily wounded.
The water moccasin bites you. The water moccasin barely misses you.
You hit the water moccasin.
You feel better.
The water moccasin is severely wounded.
The water moccasin barely misses you.
You hit the water moccasin.
The water moccasin is severely wounded.
The water moccasin bites you.
You hit the water moccasin.
The water moccasin is almost dead.
The water moccasin barely misses you.
You closely miss the water moccasin.
The water moccasin is almost dead.
The water moccasin barely misses you.
You barely miss the water moccasin.
The water moccasin is almost dead.
You block the water moccasin's attack.
The water moccasin bites you but does no damage.
You hit the water moccasin.
The water moccasin is almost dead.
The water moccasin bites you but does no damage.
You puncture the water moccasin!
You kill the water moccasin!
Qazlal accepts your kill.
You hit the komodo dragon but do no damage.
The komodo dragon completely misses you.
You hit the komodo dragon but do no damage.
You block the komodo dragon's attack.
You completely miss the komodo dragon. You block the komodo dragon's attack.
You puncture the komodo dragon!
The komodo dragon is lightly wounded.
The komodo dragon bites you!
You barely miss the komodo dragon.
The komodo dragon is lightly wounded.
The shadow imp disappears in a puff of smoke!
You block the komodo dragon's attack.
You closely miss the komodo dragon.
The komodo dragon is lightly wounded.
The komodo dragon barely misses you.
You barely miss the komodo dragon.
The komodo dragon is lightly wounded.
The komodo dragon bites you!
You barely miss the komodo dragon.
The komodo dragon is lightly wounded.
You block the komodo dragon's attack.
You hit the komodo dragon.
You feel better.
The komodo dragon is lightly wounded.
The iron imp disappears in a puff of smoke!
You puncture the komodo dragon!
The komodo dragon is moderately wounded.
The komodo dragon hisses menacingly.
The komodo dragon bites you!!
* * * LOW HITPOINT WARNING * * *
The kobold demonologist mumbles some strange words.
You puncture the komodo dragon!
The komodo dragon is heavily wounded.
You block the komodo dragon's attack.
Aiming: Upheaval
Press: ? - help, Dir - move target, f - kobold demonologist
Aim: a kobold demonologist, wielding a +0 dagger and wearing a +2 robe of cold resistance The ground shakes violently, spewing rubble!
The blast of rubble hits the kobold demonologist!
The kobold demonologist is heavily wounded.
The komodo dragon completely misses you.
Aiming: Upheaval
Press: ? - help, Dir - move target, f/p - kobold demonologist
Aim: a kobold demonologist, wielding a +0 dagger and wearing a +2 robe of cold resistance (heavily wounded) Magma suddenly erupts from the ground!
The blast of magma engulfs the black bear!
The black bear is severely wounded.
The blast of magma engulfs the kobold demonologist!!
You kill the kobold demonologist!
Qazlal accepts your kill.
The neqoxec disappears in a puff of smoke!
The komodo dragon bites you!!
* * * LOW HITPOINT WARNING * * *
Aiming: Quicksilver Bolt
Press: ? - help, Shift-Dir - straight line, f - gnoll sergeant
Aim: a gnoll sergeant, wielding a +0 spear and wearing a +0 ring mail (79% to hit)
The bolt of dispelling energy hits the komodo dragon!
The komodo dragon is severely wounded.
The bolt of dispelling energy hits the wolf!
You kill the wolf!
Qazlal accepts your kill.
The bolt of dispelling energy hits the basilisk!
The basilisk is moderately wounded.
The bolt of dispelling energy hits the gnoll sergeant!
The gnoll sergeant is heavily wounded.
The komodo dragon is engulfed in freezing vapours.
The komodo dragon bites you!!
You die...

#....#5##
#.....5.###
#....##..)####
#....##.#..ll## ##
#....#.#####hh###.
#....lg# ##l##.. #
####l#....# #.)#.#
#.###.#####.####ll.#
#..@l.# #.........
###.#....######.....
######.# #P....##.
....P.... . .P.h....
P .S....P. . ..P..P.
. .P.P


P You could see a komodo dragon, 2 wyverns and a gnoll sergeant.

Vanquished Creatures
  Pikel (D:8)
  A cyclops (D:7)
  An unseen horror (shapeshifter) (D:10)
  A kobold demonologist (D:10)
  Grinder (D:4)
  A wyvern (D:9)
  2 shadows
  6 yaks
  A steam dragon (D:8)
  Menkaure (D:6)
  An acid dragon (D:9)
  7 water moccasins
  Duvessa (D:6)
  A black bear (D:7)
  4 sky beasts
  An ice beast (D:6)
  2 ogres
  3 wolves (D:10)
  5 centaurs
  2 phantoms
  2 lemures (D:8)
  2 kobold brigands
  A bullfrog (D:9)
  2 scorpions
  A gnoll sergeant (D:9)
  6 wights
  Dowan (D:6)
  13 killer bees
  9 electric eels
  2 howler monkeys
  5 hounds
  2 jellies
  4 orc priests
  10 orc wizards
  3 sleepcaps
  4 iguanas
  15 gnolls
  10 adders
  3 shadow imps
  A white imp (D:7)
  An ufetubus (D:6)
  A worm (D:3)
  2 dart slugs
  32 orcs
  9 ball pythons
  5 bats
  9 endoplasms
  5 giant cockroaches
  6 goblins
  9 hobgoblins
  11 jackals
  6 quokkas
  6 frilled lizards
  14 kobolds
  7 rats
262 creatures vanquished.

Vanquished Creatures (others)
  Sigmund (D:6)
  A gnoll sergeant (D:5)
  3 orc wizards
  A gnoll (D:5)
  A shadow imp (D:6)
  An orc (D:8)
8 creatures vanquished.

Grand Total: 270 creatures vanquished

Notes
Turn   | Place    | Note
-------+----------+-------------------------------------------
     0 | D:1      | browni3141 the Djinni Fighter began the quest for the Orb.
     0 | D:1      | Reached XP level 1. HP: 20/20 MP: 0/0
   184 | D:1      | Reached XP level 2. HP: 5/25 MP: 0/0
   185 | D:1      | Reached skill level 1 in Dodging
   399 | D:1      | Reached XP level 3. HP: 30/30 MP: 0/0
   399 | D:1      | Learned a level 1 spell: Beastly Appendage
  1000 | D:2      | Reached skill level 2 in Dodging
  1005 | D:2      | Reached XP level 4. HP: 23/35 MP: 0/0
  1007 | D:2      | HP: 1/35 [frozen (7)]
  1292 | D:2      | Found a faded altar of an unknown god.
  1716 | D:3      | Reached skill level 3 in Long Blades
  1716 | D:3      | Reached XP level 5. HP: 33/40 MP: 0/0
  1716 | D:3      | Learned a level 2 spell: Blink
  1911 | D:3      | Reached skill level 3 in Dodging
  2408 | D:3      | Reached XP level 6. HP: 44/47 MP: 0/0
  2584 | D:4      | Reached skill level 4 in Dodging
  2946 | D:4      | Identified the +5 short sword of Wonderful Innocence {vamp,
                  | Drain rElec rCorr Str+2}
  3181 | D:4      | Noticed an ogre
  3187 | D:4      | Killed an ogre
  3188 | D:4      | Reached XP level 7. HP: 32/52 MP: 0/0
  3188 | D:4      | Learned a level 3 spell: Vhi's Electric Charge
  3418 | D:4      | Found a blossoming altar of Fedhas.
  3419 | D:4      | Noticed Grinder
  3421 | D:4      | Paralysed by Grinder for 4 turns
  3430 | D:4      | Killed Grinder
  3431 | D:4      | Reached skill level 5 in Dodging
  3601 | D:5      | Entered Level 5 of the Dungeon
  3619 | D:5      | Reached XP level 8. HP: 58/58 MP: 0/0
  3759 | D:5      | Found a staircase to the Ecumenical Temple.
  3805 | D:5      | Reached skill level 6 in Dodging
  3831 | Temple   | Entered the Ecumenical Temple
  3990 | Temple   | Became a worshipper of Qazlal Stormbringer
  5101 | D:6      | Reached skill level 6 in Long Blades
  5304 | D:6      | Reached * piety under Qazlal
  5313 | D:6      | Reached XP level 9. HP: 65/65 MP: 0/0
  5313 | D:6      | Learned a level 3 spell: Summon Guardian Golem
  5317 | D:6      | Reached skill level 7 in Dodging
  5601 | D:6      | Noticed Sigmund
  5613 | D:6      | Killed Sigmund
  6640 | D:7      | Reached skill level 6 in Fighting
  6796 | D:7      | Reached skill level 8 in Dodging
  6854 | D:7      | Noticed Menkaure
  7083 | D:7      | Noticed Dowan
  7084 | D:7      | Noticed Duvessa
  7087 | D:7      | Noticed a cyclops
  7182 | D:6      | Killed Duvessa
  7846 | D:6      | Killed Dowan
  7884 | D:6      | Killed Menkaure
  7885 | D:6      | Reached XP level 10. HP: 20/72 MP: 0/0
  8324 | D:7      | Killed a cyclops
  8325 | D:7      | Reached skill level 6 in Shields
  8715 | D:7      | Reached skill level 9 in Dodging
  9405 | D:7      | Reached ** piety under Qazlal
  9864 | D:8      | Identified the +2 pair of gloves "Didukhuq" {rCorr Str+6
                  | Int-3 Dex-2}
 10065 | D:8      | Noticed Pikel
 10101 | D:8      | Killed Pikel
 10102 | D:8      | Reached XP level 11. HP: 57/78 MP: 0/0
 10102 | D:8      | Learned a level 5 spell: Silence
 11085 | D:9      | Reached skill level 3 in Invocations
 11087 | D:9      | Reached skill level 10 in Dodging
 11299 | D:9      | Identified the amulet of Fepsad {Spirit Int+5}
 11372 | D:9      | Found a broken altar of Ashenzari.
 11434 | D:9      | Reached *** piety under Qazlal
 11786 | D:10     | Entered Level 10 of the Dungeon
 11884 | D:10     | Reached skill level 9 in Long Blades
 12090 | D:10     | Mangled by a komodo dragon

Illustrated notes

Levels and vault maps discovered:
D:1:      lemuel_arrival_lava_pool, layout_basic, minmay_small_reverse_x
D:2:      minmay_evil_eye, layout_basic, shapermc_ecumenical_altar_gd,
          serial_bayou_pond_c, minmay_heptomino_w4
D:3:      layout_loops_ring
D:4:      layout_loops_ring, fedhas_altar_fruit_tree, hangedman_minor_gate_pass,
          uniq_grinder
D:5:      layout_cave_pools, lemuel_temple_firewalk_b, serial_gnoll_camp,
          gnoll_camp_mini_hut, gnoll_camp_mini_hut, gnoll_camp_mini_house,
          gnoll_camp_mini_hut, hangedman_abyss_or_decor_slice
D:6:      layout_rooms, chequers_big_river, uniq_sigmund
D:7:      layout_layer_cave, grunt_ministairs_6, uniq_duvessa, uniq_menkaure
D:8:      nicolae_moon_pools, layout_basic, uniq_pikel
D:9:      layout_cave_pools, nicolae_overflow_crystal_walls, serial_park,
          serial_park_tiny_pond, serial_park_square3
          [serial_park_minivault_5x5_4]
D:10:     layout_rooms, minitemple, minmay_lair_entry_grove,
          ebering_ghost_reflecting_pool, serial_bayou_pond_e,
          chequers_serial_rivers_small_3, minmay_door_square,
          hangedman_fish_farm
Temple:   hellmonk_temple_flake

Skill      XL: |  1  2  3  4  5  6  7  8  9 10 11 |
---------------+----------------------------------+-----
Long Blades    | 2 3 4 5 6 7 8 9 |  9.1
Dodging        | 1 2 3 4 5 6 8 9 10 | 10.5
Fighting       | 4 5 6 7 |  7.5
Shields        | 5 7 |  7.2
Invocations    | 2 4 |  4.4
Armour         | |  3.0

Action                     |  1- 3 |  4- 6 |  7- 9 | 10-12 || total
---------------------------+-------+-------+-------+-------++-------
  Melee: Long sword        |    97 |   201 |       |       ||   298
         Short sword       |       |    19 |   507 |   676 ||  1202
  Throw: Boomerang         |       |     3 |    32 |    17 ||    52
 Invoke: Upheaval          |       |       |       |     3 ||     3
  Evoke: Wand              |       |       |     9 |     3 ||    12
    Use: Scroll            |       |     5 |     1 |     5 ||    11
         Potion            |       |     1 |       |       ||     1
 Armour: Scale mail        |    59 |    93 |    55 |       ||   207
         Ring mail         |       |       |    88 |       ||    88
         Leather armour    |       |       |     1 |   127 ||   128
  Dodge: Dodged            |    43 |    88 |   220 |   389 ||   740
  Block: Buckler           |    18 |    46 |    37 |       ||   101
         Kite shield       |       |       |   150 |   532 ||   682
